 Dungeon Crawl Stone Soup version 0.32-a0-868-g153ae1a8d6 (webtiles) character file.

Game seed: 16377539992491986796

85 Griffin23 the Trooper (level 4, 0/41 HPs)
             Began as a Minotaur Fighter on Mar 29, 2024.
             Slain by a gnoll
             ... wielding a +0 spear
              (5 damage)
             ... on level 3 of the Dungeon.
             The game lasted 00:03:24 (1032 turns).

Griffin23 the Trooper (Minotaur Fighter)            Turns: 1032, Time: 00:03:24

Health: 0/41       AC:  7    Str: 22    XL:     4   Next: 25%
Magic:  3/3        EV:  8    Int:  5    God:
Gold:   59         SH:  4    Dex: 10    Spells: 3/3 levels left

rFire   . . .        a - +0 long sword
rCold   . . .        c - +0 buckler
rNeg    . . .        b - +0 scale mail
rPois   .            (helmet restricted)
rElec   .            f - scarf {repulsion}
rCorr   .            (no gloves)
SInv    .            (no boots)
Will    .....        (no amulet) Stlth
                     (no ring)
HPRegen 0.26/turn    (no ring)
MPRegen 0.08/turn

%: repel missiles
@: mighty
A: horns 2, retaliatory headbutt
a: Convert to Beogh


You were on level 3 of the Dungeon.
You visited 1 branch of the dungeon, and saw 3 of its levels.

You collected 59 gold pieces.

Inventory:

Hand Weapons
 a - a +0 long sword (weapon)
Missiles
 g - 3 boomerangs (quivered)
Armour
 b - a +0 scale mail (worn)
 c - a +0 buckler (worn)
 f - a scarf of repulsion (worn)
Scrolls
 e - a scroll of amnesia
 h - a scroll of revelation
Potions
 i - a potion of curing {unknown}
 k - a potion of attraction {unknown}


   Skills:
 + Level 4.3 Fighting
 * Level 3.8 Long Blades
 + Level 4.3 Armour
 + Level 4.2 Shields


You had 3 spell levels left.
You didn't know any spells.
Your spell library contained the following spells:

 Spells                   Type           Power      Damage    Failure   Level
 Magic Dart               Conj           0%         1d3       86%         1
 Blink                    Tloc           0%         N/A       94%         2
 Call Imp                 Summ           0%         N/A       94%         2


Dungeon Overview and Level Annotations

Branches:
Dungeon (3/15)

Altars:
Kikubaaqudgha

Shops:
D:3 *


Innate Abilities, Weirdness & Mutations

You have a pair of horns on your head.
You reflexively headbutt those who attack you in melee.


Message History

The gnoll hits you with a +0 spear!
The gnoll hits you from afar with a +0 spear.
The gnoll attacks as it pursues you! The gnoll barely misses you.
The gnoll barely misses you.
An orc comes into view. It is wielding a +0 short sword.
The orc shouts!
An orc comes into view. It is wielding a +0 whip.
The gnoll attacks as it pursues you! The gnoll hits you but does no damage.
You slash the orc!
You kill the orc!
The gnoll hits you with a +0 flail.
You slash the orc!
You kill the orc!
The gnoll barely misses you. x2; You furiously retaliate!
You headbutt the gnoll!
You kill the gnoll!
The gnoll attacks as it pursues you! The gnoll hits you but does no damage.
Items here: )) [ ††.
The orc priest shouts, "Beogh offers mercy even to people such as you.
Join us and be reborn!" (press Y on the ability menu to convert to Beogh)
The gnoll attacks as it pursues you!
The gnoll hits you from afar with a +0 spear.
The gnoll attacks as it pursues you!
The gnoll hits you from afar with a +0 spear.
You open the gate.
Found an ancient bone altar of Kikubaaqudgha.
There is an open gate here.
The gnoll attacks as it pursues you!
The gnoll hits you from afar with a +0 spear.
You hit the bush but do no damage.
The gnoll hits you from afar with a +0 spear.
The gnoll attacks as it pursues you!
The gnoll hits you from afar with a +0 spear.
Okay, then.
You feel very mighty all of a sudden.
The orc priest mumbles some strange prayers to Beogh against you.
Beogh smites you!
* * * LOW HITPOINT WARNING * * *
The gnoll hits you from afar with a +0 spear.
You die...

#.# .## .#.
#.##.##.# #.
#o......#
#o......# #
#####
#g##########
#.#....
#.##.......#
#.....§
#.##.P._.P.#
.....≈§
#o##.P...P.#
#..§.§
#.##.PPPPP@#
#.#.§§
#..#...og..#
#...§≈
#..###g''###
###.§.
##.oo....#
#...
#########
#... ###. #.
#.


You could see 2 orc priests, 2 gnolls and an orc.

Vanquished Creatures
  A gnoll (D:3)
  5 adders
  2 orcs (D:3)
  2 bats
  3 endoplasms
  A giant cockroach (D:2)
  A goblin (D:1)
  3 hobgoblins (D:1)
  2 jackals (D:1)
  2 quokkas (D:1)
  3 ball pythons
  A frilled lizard (D:1)
  3 rats
29 creatures vanquished.

Notes
Turn   | Place    | Note
-------+----------+-------------------------------------------
     0 | D:1      | Griffin23 the Minotaur Fighter began the quest for the Orb.
     0 | D:1      | Reached XP level 1. HP: 19/19 MP: 0/0
   135 | D:1      | Reached XP level 2. HP: 27/27 MP: 1/1
   486 | D:1      | Found a faded altar of an unknown god.
   723 | D:2      | Reached XP level 3. HP: 33/33 MP: 2/2
   803 | D:2      | You fall into a shaft and drop 1 floor!
   817 | D:3      | Found Jelunooc's General Store.
   887 | D:3      | Reached XP level 4. HP: 22/40 MP: 3/3
  1025 | D:3      | Found an ancient bone altar of Kikubaaqudgha.
  1032 | D:3      | Slain by a gnoll

Illustrated notes

Levels and vault maps discovered:
D:1:      shiori_arrival_maze, layout_loops_ring, serial_glass, glass_columns_c,
          glass_columns_a, shapermc_ecumenical_altar_mp_highgroup,
          nicolae_twisty_statue_hallways
D:2:      layout_rooms, basic_altar
D:3:      layout_loops_cross, mainiacjoe_overflow_alcove_4, serial_shops,
          nicolae_diamond_shop, nicolae_half_adder

Skill      XL: |  1  2 |
---------------+-------+-----
Long Blades    | 3 |  3.8
Fighting       | 4 |  4.3
Armour         | 4 |  4.3
Shields        | 4 |  4.2

Action                     |  1- 3 |  4- 6 || total
---------------------------+-------+-------++-------
  Melee: Long sword        |    60 |     3 ||    63
         Headbutt          |    11 |       ||    11
    Use: Scroll            |       |     2 ||     2
         Potion            |       |     1 ||     1
 Armour: Scale mail        |    82 |    12 ||    94
  Dodge: Dodged            |    41 |     6 ||    47
  Block: Buckler           |    18 |     1 ||    19

Table legend: (Time is in decaauts)
 A = Elapsed time spent in this place.
 B = Non-inter-level travel time spent in this place.
 C = Inter-level travel time spent in this place.
 D = Time resting spent in this place.
 E = Time spent auto-exploring this place.
 F = Levels seen in this place.
 G = Mean time per level.
                   A        B        C        D        E       F      G
               +--------+--------+--------+--------+--------+-----+--------+
         Total |   1049 |   1033 |     16 |     67 |    685 |   3 |  349.7 |
       Dungeon |   1049 |   1033 |     16 |     67 |    685 |   3 |  349.7 |
               +--------+--------+--------+--------+--------+-----+--------+

Top non-repeatable levels by time:
     D:1: 722 daAuts
     D:3: 232 daAuts
     D:2: 94 daAuts
